 Dungeon Crawl Stone Soup version 0.23-a0-481-g60b89c1 (webtiles) character file.

9443 Trolly the Grappler (level 11, -12/101 HPs)
             Began as a Troll Warper on Nov 29, 2018.
             Was an Elder of Elyvilon.
             Shot with an arrow by a centaur warrior (21 damage)
             ... on level 9 of the Dungeon.
             The game lasted 00:28:23 (9252 turns).

Trolly the Grappler (Troll Warper)                  Turns: 9252, Time: 00:28:24

Health: -12/101    AC:  6    Str: 22    XL:     11   Next: 23%
Magic:  14/14      EV: 10    Int: 11    God:    Elyvilon [****..]
Gold:   580        SH:  0    Dex:  9    Spells: 5/16 levels left

rFire    . . .     SeeInvis .     - Unarmed
rCold    . . .     Gourm    +   (no shield)
rNeg     . . .     Faith    .   a - +0 robe
rPois    .         Spirit   .   y - +0 hat {MR+}
rElec    .         Reflect  .   H - +0 cloak
rCorr    .         Harm     .   (gloves unavailable)
MR       +....                  (boots unavailable)
Stlth    ++........             (no amulet)
HPRegen  0.66/turn              j - ring of wizardry
MPRegen  0.14/turn              J - ring of stealth

@: very slightly contaminated
A: large, unfitting armour, claws 3, fast metabolism 3, gourmand, regeneration
1, shaggy fur 1, tough skin 2
a: Lesser Healing, Heal Other, Purification, Greater Healing, Divine Protection,
Renounce Religion


You were on level 9 of the Dungeon.
You worshipped Elyvilon.
Elyvilon was greatly pleased with you.
You were not hungry.

You visited 2 branches of the dungeon, and saw 10 of its levels.
You also visited: Sewer.

You collected 580 gold pieces.

Inventory:

Hand Weapons
 b - a +0 blowgun
 n - a +0 spear
 F - a +0 mace of holy wrath
 K - a +1 trident of freezing
Missiles
 d - 5 tomahawks of dispersal {!f}
 l - 83 poisoned needles
 r - 181 stones (quivered)
 C - 3 tomahawks
 M - 4 large rocks
 P - 8 javelins
Armour
 a - a +0 robe (worn)
 y - a +0 hat of magic resistance (worn)
 H - a +0 cloak (worn)
Jewellery
 j - a ring of wizardry (left claw)
 u - an uncursed ring of resist corrosion
 J - a ring of stealth (right claw)
 L - an uncursed ring of ice
Wands
 t - a wand of iceblast (13)
 N - a wand of digging (2)
 Q - a wand of acid (10)
Scrolls
 c - 2 scrolls of blinking
 e - 2 scrolls of remove curse
 g - a scroll of enchant weapon {unknown}
 h - 4 scrolls of teleportation
 i - a scroll of fear
 p - 2 scrolls of fog
 q - a scroll of magic mapping
 s - 2 scrolls of amnesia {unknown}
 E - a scroll of enchant armour {unknown}
 O - 2 scrolls of identify
Potions
 k - 5 potions of heal wounds {unknown}
 m - 4 potions of agility
 o - a potion of berserk rage {unknown}
 v - 3 potions of flight
 w - 2 potions of might
 x - 3 potions of ambrosia
 z - 2 potions of brilliance {unknown}
 A - 2 potions of haste {unknown}
 B - 5 potions of magic {unknown}
 D - a potion of cancellation {unknown}
 G - a potion of curing
 I - a potion of degeneration {unknown}
Comestibles
 f - 21 rations


   Skills:
 + Level 4.5 Fighting
 - Level 2.4 Throwing
 - Level 2.3 Dodging
 - Level 1.0 Stealth
 + Level 14.0 Unarmed Combat
 * Level 3.0 Spellcasting
 * Level 2.6 Conjurations
 * Level 2.6 Translocations
 * Level 3.0 Fire Magic
 - Level 0.6 Evocations


You had 5 spell levels left.
You knew the following spells:

 Your Spells              Type           Power        Failure   Level  Hunger
a - Blink                 Tloc           N/A          6%          2    ###....
b - Passage of Golubria   Tloc           N/A          32%         4    #####..
c - Shroud of Golubria    Chrm/Tloc      #.........   10%         2    ###....
d - Conjure Flame         Conj/Fire      #.......     10%         3    ###....

Your spell library contained the following spells:

 Spells                   Type           Power        Failure   Level  Hunger
 Magic Dart               Conj           #...         3%          1    #......
 Gell's Gravitas          Tloc           #.........   11%         3    ###....
 Lesser Beckoning         Tloc           #.........   11%         3    ###....
 Teleport Other           Tloc           #.......     11%         3    ###....
 Call Imp                 Summ           #.......     16%         2    ###....
 Slow                     Hex            #.......     16%         2    ###....
 Mephitic Cloud           Conj/Pois/Air  #.......     22%         3    ###....


Dungeon Overview and Level Annotations

Branches:
Dungeon (9/15)             Temple (1/1) D:6            Lair (0/6) D:8
    Orc: D:9-12

Altars:
Ashenzari
Cheibriados
Dithmenos
Elyvilon
Fedhas
Gozag
Kikubaaqudgha
Makhleb
Nemelex Xobeh
Okawaru
Qazlal
Ru
Sif Muna
Trog
Uskayaw
Vehumet
Wu Jian
Yredelemnul
Zin
The Shining One

Shops:
D:8 [

Annotations:
D:2 exclusion: 2 downstairs
D:4 exclusion: 2 downstairs
D:6 3 runed doors, Caerthir's ghost, novice MiFi; Lavandula's ghost, novice NaAE; Twixt's ghost, novice GnWn; derval's ghost, novice DDEE; galech's ghost, novice DsFi
D:8 exclusion: ice statue


Innate Abilities, Weirdness & Mutations

You are too large for most types of armour.
You have claws for hands.
Your metabolism is lightning-fast.
You like to eat raw meat.
Your natural rate of healing is unusually fast.
You are covered in fur. (AC +1)
You have very tough skin. (AC +2)


Message History

Press: ? - help, Dir - move target cursor, f - you
Okay, then.
The sky beast flickers out of sight!
Deactivating autopickup; reactivate with Ctrl-A.
The centaur warrior shoots an arrow.
The arrow hits you!
* * * LOW HITPOINT WARNING * * *
You see here an arrow.
The centaur warrior shoots an arrow.
The arrow hits you!!
* * * LOW HITPOINT WARNING * * *
You see here an arrow.
The centaur warrior shoots an arrow.
The arrow hits you.
* * * LOW HITPOINT WARNING * * *
You see here an arrow.
The centaur warrior shoots an arrow.
The arrow barely misses you.
You see here an arrow.
You hear a distant slurping noise.
The tengu warrior hits you from afar with a +0 halberd!
* * * LOW HITPOINT WARNING * * *
The centaur warrior shoots an arrow.
The arrow hits you!!
You die...

.#.#..##### #.# ..##......#
#.###### ####.####.# ##.......
.(?#..# #.# #########....####
..(#..# #.# #.........###.#
.O.#..# #.# ####.###.....# #.#
####..###.####........###.###.#
c..c......##......#######....##
####..######....@..........###
...#...## #.....#########'##
.([#....# #.....# ##...##
..#.(..# #...Q.# ##.....##
####..(.# ###.#.## ##.......##
......(#######yc..####.........##
.......c.yc..........')........+.
.#######.#####....####.........##
.# #.# #....## ##.......##


You could see a tengu warrior, a centaur warrior and a vampire mosquito.

Vanquished Creatures
  Gastronok (D:8)
  A two-headed ogre (D:5)
  Pikel (D:5)
  Joseph (D:8)
  Psyche (D:8)
  A centaur zombie (D:9)
  A komodo dragon (D:8)
  A hornet (D:9)
  Prince Ribbit (D:8)
  Grinder (D:5)
  Grum (D:8)
  Menkaure (D:5)
  2 water moccasins
  2 sky beasts
  An eye of draining (D:3)
  An orc warrior (D:8)
  2 ice beasts
  A hornet zombie (D:8)
  A slave (D:5)
  2 phantoms
  2 ogres
  3 wolves (D:8)
  5 centaurs
  8 big kobolds (Sewer)
  3 bullfrogs
  A wyvern skeleton (D:9)
  A water moccasin skeleton (D:6)
  5 scorpions
  4 killer bees (D:9)
  5 wights
  4 bullfrog zombies
  4 crimson imps
  3 howler monkeys
  4 hounds
  5 jellies
  4 orc priests
  An iguana (D:7)
  9 orc wizards
  5 bullfrog skeletons
  Terence (D:3)
  8 worker ants
  2 hound zombies
  Robin (D:4)
  2 howler monkey skeletons
  7 adders
  A gnoll (D:3)
  A river rat (Sewer)
  2 shadow imps
  A white imp (D:4)
  7 oozes
  2 adder zombies
  An adder skeleton (D:4)
  3 worms
  A dart slug (D:1)
  3 leopard geckos
  28 orcs
  4 ball pythons
  5 bats
  5 giant cockroaches
  9 goblins
  4 hobgoblins
  5 quokkas
  5 frilled lizards
  A jackal skeleton (D:5)
  10 kobolds
  2 leopard gecko skeletons (D:5)
  A quokka skeleton (D:7)
  A quokka zombie (D:5)
  12 rats
235 creatures vanquished.

Vanquished Creatures (others)
  A jackal skeleton (D:5)
  2 plants (D:8)
3 creatures vanquished.

Grand Total: 238 creatures vanquished

Notes
Turn   | Place    | Note
-------+----------+-------------------------------------------
     0 | D:1      | Trolly the Troll Warper began the quest for the Orb.
     0 | D:1      | Reached XP level 1. HP: 19/19 MP: 1/1
   320 | D:1      | Reached XP level 2. HP: 25/27 MP: 3/3
  1307 | D:3      | Noticed Terence
  1330 | D:2      | Learned a level 2 spell: Blink
  1417 | D:3      | Found a bloodstained altar of Trog.
  1417 | D:3      | Noticed an eye of draining
  1448 | D:3      | Reached XP level 3. HP: 12/35 MP: 0/4
  1760 | D:3      | Killed Terence
  1760 | D:3      | Reached skill level 3 in Unarmed Combat
  1760 | D:3      | Reached XP level 4. HP: 40/42 MP: 5/5
  2081 | D:3      | Killed an eye of draining
  2081 | D:3      | Reached skill level 4 in Unarmed Combat
  2081 | D:3      | Reached XP level 5. HP: 49/49 MP: 1/6
  2135 | D:3      | Learned a level 4 spell: Passage of Golubria
  2192 | D:3      | Found a stormy altar of Qazlal.
  2192 | D:3      | Found a white marble altar of Elyvilon.
  2195 | D:3      | Became a worshipper of Elyvilon the Healer
  2533 | D:4      | Noticed Robin
  2550 | D:4      | Killed Robin
  2849 | D:4      | Reached * piety under Elyvilon
  2887 | D:4      | Found a burning altar of Makhleb.
  2922 | D:4      | Reached skill level 1 in Throwing
  2922 | D:4      | Reached skill level 1 in Stealth
  3037 | D:4      | Reached skill level 5 in Unarmed Combat
  3037 | D:4      | Reached XP level 6. HP: 41/57 MP: 7/7
  3131 | D:4      | Learned a level 2 spell: Shroud of Golubria
  3160 | D:4      | Found a glowing golden altar of the Shining One.
  3160 | D:4      | Found a shadowy altar of Dithmenos.
  3165 | D:4      | Found a sparkling altar of Nemelex Xobeh.
  3167 | D:4      | Found a faded altar of an unknown god.
  3168 | D:4      | Found an ancient bone altar of Kikubaaqudgha.
  3443 | D:5      | Entered Level 5 of the Dungeon
  3443 | D:5      | Noticed Grinder
  3551 | D:5      | Killed Grinder
  3551 | D:5      | Reached skill level 6 in Unarmed Combat
  3551 | D:5      | Reached XP level 7. HP: 57/66 MP: 8/8
  3576 | D:5      | Noticed Menkaure
  3587 | D:5      | Killed Menkaure
  3587 | D:5      | Reached skill level 7 in Unarmed Combat
  3604 | D:5      | Found a glowing drain.
  3622 | Sewer    | Entered a sewer
  3622 | Sewer    | Reached ** piety under Elyvilon
  3936 | Sewer    | Reached skill level 8 in Unarmed Combat
  3936 | Sewer    | Reached XP level 8. HP: 71/74 MP: 9/9
  4135 | Sewer    | Reached skill level 9 in Unarmed Combat
  4293 | D:5      | Noticed a two-headed ogre
  4357 | D:5      | Noticed Pikel
  4367 | D:5      | Killed Pikel
  4367 | D:5      | Reached skill level 10 in Unarmed Combat
  4455 | D:5      | Reached XP level 9. HP: 80/83 MP: 10/10
  4573 | D:5      | Killed a two-headed ogre
  4573 | D:5      | Reached skill level 11 in Unarmed Combat
  5394 | D:6      | Reached skill level 12 in Unarmed Combat
  5530 | D:6      | Learned a level 3 spell: Conjure Flame
  5533 | D:6      | Found a runed gate.
  5533 | D:6      | Found a runed gate.
  5535 | D:6      | Noticed Twixt's ghost (novice GnWn)
  5537 | D:6      | Reached *** piety under Elyvilon
  5538 | D:6      | Found a runed gate.
  5541 | D:6      | Noticed derval's ghost (novice DDEE)
  5560 | D:6      | Noticed Caerthir's ghost (novice MiFi)
  5561 | D:6      | Noticed galech's ghost (novice DsFi)
  5562 | D:6      | Noticed Lavandula's ghost (novice NaAE)
  5746 | D:6      | Found a hide-covered altar of Uskayaw.
  5798 | D:6      | Reached XP level 10. HP: 93/93 MP: 11/11
  5800 | D:6      | Reached skill level 1 in Fire Magic
  5835 | D:6      | Found a staircase to the Ecumenical Temple.
  5932 | Temple   | Entered the Ecumenical Temple
  6674 | D:7      | Reached **** piety under Elyvilon
  6742 | D:8      | Reached skill level 1 in Conjurations
  6744 | D:8      | Noticed Grum
  6762 | D:8      | Killed Grum
  7005 | D:8      | Noticed Prince Ribbit
  7020 | D:8      | Killed Prince Ribbit
  7258 | D:8      | Noticed Joseph
  7274 | D:8      | Killed Joseph
  7410 | D:8      | Found Loru's Armour Shoppe.
  7448 | D:8      | Reached skill level 13 in Unarmed Combat
  7494 | D:8      | Noticed Psyche
  7498 | D:8      | Killed Psyche
  7597 | D:8      | Noticed an ice statue
  7665 | D:8      | Noticed Gastronok
  7676 | D:8      | Killed Gastronok
  7826 | D:8      | Found a staircase to the Lair.
  8071 | D:8      | Reached XP level 11. HP: 83/101 MP: 14/14
  8819 | D:9      | Reached skill level 14 in Unarmed Combat
  9226 | D:9      | Noticed a centaur warrior
  9227 | D:9      | Noticed a tengu warrior
  9252 | D:9      | Shot with an arrow by a centaur warrior

Vault maps used:
D:1:      lemuel_arrival_river_ford
D:2:      minmay_tromino_i2, uniq_crazy_yiuf_cottage
D:3:      trog_eyes_of_draining, gammafunk_temple_overflow_elements,
          first_ration, uniq_terence
D:4:      kennysheep_mini_moat, chequers_temple_overflow_minitemple,
          minmay_fire_ice_demons, uniq_robin
D:5:      cheibrodos_sewer_entry_bend, eino_small_chamber_without_monster,
          minmay_misc_feat_iff, st_stairs_12, grunt_ministairs_13,
          uniq_menkaure, uniq_pikel, uniq_grinder
D:6:      overflow_temple_1_default, minmay_temple_entry_statues_pillars,
          gammafunk_ghost_cemetery
D:8:      lemuel_ice_statue, david_lair_shrubbed, serial_shops, shop_coins,
          hangedman_little_slice_of_home, uniq_psyche, uniq_joseph,
          uniq_gastronok, uniq_prince_ribbit1, uniq_grum
D:9:      regret_index_temple_of_mockery, minmay_the_grid_2x2, uniq_maurice
Temple:   minmay_temple_curvy_loop
Sewer:    sewer_co_tree

Skill      XL: |  1  2  3  4  5  6  7  8  9 10 11 |
---------------+----------------------------------+-----
Dodging        | 2 |  2.3
Unarmed Combat | 3 4 5 6 8 10 12 13 14 | 14.0
Fighting       | 2 3 4 |  4.5
Throwing       | 1 2 |  2.4
Stealth        | 1 |  1.0
Fire Magic     | 2 3 |  3.0
Spellcasting   | 2 3 |  3.0
Conjurations   | 2 |  2.6
Translocations | |  2.6
Evocations     | |  0.6

Action                   |  1- 3 |  4- 6 |  7- 9 | 10-12 || total
-------------------------+-------+-------+-------+-------++-------
Melee: Unarmed           |    88 |    90 |   258 |   238 ||   674
       Punch             |     1 |     1 |     7 |    11 ||    20
 Fire: Blowgun           |     4 |       |       |       ||     4
Throw: Stone             |     2 |     6 |     5 |     8 ||    21
       Tomahawk          |       |     3 |     5 |     3 ||    11
       Large rock        |       |       |       |     4 ||     4
 Cast: Conjure Flame     |       |       |       |     1 ||     1
Evoke: Wand              |       |       |     4 |       ||     4
  Use: Scroll            |       |     6 |     3 |     2 ||    11
       Potion            |       |       |     1 |     2 ||     3
 Stab: Sleeping          |     3 |       |       |     4 ||     7
       Distracted        |       |       |       |     1 ||     1
  Eat: Chunk             |    17 |    17 |    26 |    27 ||    87
Armor: Robe              |    33 |    29 |    64 |    59 ||   185
Dodge: Dodged            |    50 |    32 |   105 |    90 ||   277

Table legend:
 A = Non-vault XP
 B = Vault XP
 C = Vault XP percentage of total XP
 D = Non-vault monster count
 E = Vault monster count
 F = Vault count percentage of total count
                 A         B        C        D         E       F
            +---------+---------+-------+---------+---------+-------
      Total |    6266 |    7224 |  53.6 |     160 |      74 |  31.6
            +---------+---------+-------+---------+---------+-------
        D:1 |      13 |       0 |   0.0 |       7 |       0 |   0.0
        D:2 |      18 |       2 |  10.0 |      11 |       1 |   8.3
        D:3 |      27 |     187 |  87.4 |      15 |       4 |  21.1
        D:4 |     213 |     100 |  31.9 |      10 |      10 |  50.0
        D:5 |    1699 |    1177 |  40.9 |      28 |       6 |  17.6
        D:6 |    1264 |       0 |   0.0 |      34 |       0 |   0.0
        D:7 |     661 |       0 |   0.0 |      19 |       0 |   0.0
        D:8 |    1054 |    4244 |  80.1 |      24 |      17 |  41.5
        D:9 |    1317 |     646 |  32.9 |      12 |       8 |  40.0
      Sewer |       0 |     868 | 100.0 |       0 |      28 | 100.0
            +---------+---------+-------+---------+---------+-------
